AoeStats
← SUNNYCHAN

Arabia

509892240Analyzed
3v3 RM · 5d ago on Sep 28, 2026· 42m 20s· 6 players
Game mode
Random Map
Map size
Normal (6 player)
Population
200
Speed
Normal
Resources
Standard
Victory
Conquest
Starting age
Dark Age
Ending age
Imperial Age
RankedLock teamsTeams togetherTeam positionsShared explorationLock speedFull tech treeHidden civsTurbo modeCheats
Victory
Defeat
🇹🇼 Franks · Taiwan
1060
+37
🇹🇼 Ethiopians · Taiwan
1060
+37
🇹🇼 Franks · Taiwan
1046
+53
🇭🇰 Magyars · Hong Kong SAR China
1164
-21
🇯🇵 Japanese · Japan
1146
-20
🇦🇷 Ethiopians · Argentina
1111
-19
Melonauta
7:24 Loom
9:35 Feudal Age
10:05 Double-Bit Axe
11:40 Loom
22:18 Castle Age
21:19 Horse Collar
21:31 Gold Mining
22:19 Fletching
22:33 Scale Mail Armor
22:39 Crossbowman
23:48 Stone Mining
25:08 Bow Saw
25:23 Squires
30:21 Ballistics
30:38 Bodkin Arrow
31:24 Wheelbarrow
30:38 Town Watch
34:48 Padded Archer Armor
35:53 Leather Archer Armor
40:22 Imperial Age
39:51 Chain Mail Armor
40:26 Halberdier
41:46 Plate Mail Armor
KJI
3:49 Loom
10:20 Feudal Age
11:50 Double-Bit Axe
12:02 Man-at-Arms
15:53 Gold Mining
17:17 Horse Collar
18:06 Fletching
18:52 Padded Archer Armor
26:55 Castle Age
26:31 Stone Mining
29:57 Crossbowman
33:02 Yasama
35:34 Pikeman
36:13 Bodkin Arrow
SUNNYCHAN
6:54 Loom
11:09 Feudal Age
17:31 Castle Age
15:47 Double-Bit Axe
15:47 Horse Collar
23:06 Wheelbarrow
23:47 Scale Barding Armor
24:41 Gold Mining
25:47 Chain Barding Armor
27:09 Bloodlines
27:19 Heavy Plow
28:08 Hand Cart
30:56 Stone Mining
37:00 Imperial Age
34:52 Town Watch
35:52 Gold Shaft Mining
35:33 Husbandry
36:17 Bow Saw
37:25 Cavalier
39:50 Plate Barding Armor
39:29 Paladin
rayxup6cool
8:38 Loom
11:53 Feudal Age
12:44 Double-Bit Axe
16:24 Horse Collar
19:09 Fletching
20:00 Padded Archer Armor
24:34 Wheelbarrow
26:05 Gold Mining
29:20 Castle Age
30:05 Castle Age
30:10 Crossbowman
30:46 Bodkin Arrow
31:29 Bow Saw
31:54 Leather Archer Armor
35:24 Heavy Plow
35:23 Stone Mining
41:22 Imperial Age
40:04 Scale Mail Armor
40:14 Forging
41:39 Chain Mail Armor
42:44 Gold Shaft Mining
ken.lh.chang8839
7:07 Loom
9:10 Feudal Age
10:03 Double-Bit Axe
13:26 Forging
19:56 Scale Barding Armor
23:06 Castle Age
22:49 Gold Mining
23:46 Light Cavalry
25:26 Iron Casting
26:08 Wheelbarrow
26:48 Stone Mining
32:23 Scale Barding Armor
37:41 Husbandry
40:43 Imperial Age
39:15 Murder Holes
40:23 Husbandry
41:20 Cavalier
43:14 Hand Cart
Erichery
11:38 Feudal Age
12:30 Loom
16:27 Castle Age
14:40 Double-Bit Axe
18:25 Scale Barding Armor
20:59 Forging
25:12 Bow Saw
29:09 Chain Barding Armor
30:36 Wheelbarrow
30:08 Husbandry
30:24 Gold Mining
30:24 Stone Mining
32:00 Hand Cart
34:08 Town Watch
37:07 Imperial Age
35:39 Gold Shaft Mining
37:05 Iron Casting
37:15 Cavalier
38:44 Plate Barding Armor
39:30 Conscription
40:15 Blast Furnace
39:23 Paladin
Connection lost

Rejoining the realm…

Still unreachable

The connection could not be restored.

Session expired

The server has moved on; the page needs a fresh start.